[Event "Early-Titled-Tuesday-Blitz-March-12-2024"]
[Site "Chess.com"]
[Date "2024.03.12"]
[Round "5"]
[White "david_gomez"]
[Black "sansanathalia"]
[Result "1-0"]
[WhiteElo "2619"]
[BlackElo "2358"]
[TimeControl "180+1"]
[EndTime "8:55:35 PDT"]
[Termination "david_gomez won by resignation"]

1. e4 c5 2. Nf3 d6 3. d4 cxd4 4. Qxd4 Nc6 5. Bb5 Bd7 6. Bxc6 Bxc6 7. Bg5 Nf6 8. Bxf6 gxf6 9. O-O e6 10. c4 Be7 11.
Nc3 h5 12. Rfe1 Rg8 13. Nd5 exd5 14. exd5 Bd7 15. Qxf6 Be6 16. Qh6 Bh3 17. Ng5 Bf5 18.
Qxh5 Bg6 19. Qh3 Qd7 20. Qe3 Bf5 21. h4 f6 22. Ne6 Bxe6 23. Qxe6 Qxe6 24. Rxe6 Kf7 25.
g3 Rae8 26. Rae1 Bd8 27. Kg2 Rxe6 28. Rxe6 Bc7 29. f4 a6 30. a4 b5 31. axb5 axb5 32. b3 bxc4 33. bxc4 Rb8 34. f5 Rb4 35. Re4 Rb2+ 36.
Kh3 Bb6 37. h5 Rb1 38. Kg4 Bc5 39. Kf3 Rf1+ 40. Kg4 Rb1 41. Re2 Rh1 42. Rb2 Rc1 43. Rb7+ Kf8 44. h6 Rh1 45. h7 Ba3 46. Kf3 Bc5 47. Kg2 Rh6 48. g4 Be3 49. Kf3 Bc5 50.
g5 fxg5 51. Kg4 Be3 52. f6 Bf4 53. Kf5 Be3 54. h8=Q+ Rxh8 55. Rb8+ Kf7 56. Rxh8 g4 57. Rh7+ Kf8 58. Kxg4 1-0

[Event "Early-Titled-Tuesday-Blitz-March-12-2024"]
[Site "Chess.com"]
[Date "2024.03.12"]
[Round "5"]
[White "falzehope0"]
[Black "awesomevishesh"]
[Result "1-0"]
[WhiteElo "2446"]
[BlackElo "2631"]
[TimeControl "180+1"]
[EndTime "8:55:38 PDT"]
[Termination "falzehope0 won on time"]

1. d4 Nf6 2. e3 g6 3. Bd3 Bg7 4. f4 O-O 5. Nf3 d6 6. O-O Nbd7 7. f5 e5 8. fxe6 fxe6 9. Ng5 Qe7 10. Qe1 Nh5 11.
Nf3 e5 12. Nc3 c6 13. Bd2 d5 14. dxe5 Nxe5 15. Be2 Nf6 16. Qh4 Bf5 17. Ng5 h6 18. Nf3 Rae8 19. Rac1 Nxf3+ 20. gxf3 g5 21. Qg3 Bg6 22. Bd3 Qf7 23. Kh1 c5 24. b3 a6 25. Na4 c4 26. bxc4 dxc4 27. Be2 b5 28.
Nc3 Nd7 29. e4 Be5 30. Qg2 Nf6 31. Nd1 Nh5 32. a4 Nf4 33. Bxf4 Bxf4 34. Rb1 Qd7 35. axb5 axb5 36. Nc3 Kg7 37. Rxb5 Be5 38. Rd5 Qa7 39. Nd1 Rc8 40. Nf2 Bf4 41. Ng4 Rf7 42. Qh3 c3 43. Qxh6+ Kg8 44. Qxg6+ 1-0

[Event "Early-Titled-Tuesday-Blitz-March-12-2024"]
[Site "Chess.com"]
[Date "2024.03.12"]
[Round "5"]
[White "ketster"]
[Black "ViktoriyaTarasova"]
[Result "0-1"]
[WhiteElo "2568"]
[BlackElo "2315"]
[TimeControl "180+1"]
[EndTime "8:55:38 PDT"]
[Termination "ViktoriyaTarasova won on time"]

1. Nf3 Nf6 2. g3 b6 3. Bg2 Bb7 4. O-O c5 5. c4 e6 6. Nc3 Be7 7. d4 cxd4 8. Qxd4 Nc6 9. Qd2 O-O 10. b3 d6 11. Bb2 a6 12. Rfd1 Qc7 13. Rac1 Qb8 14. Na4 b5 15. Bxf6 gxf6 16. cxb5 axb5 17.
Nc3 b4 18. Ne4 Rd8 19. Qh6 Ne5 20. Nxf6+ Bxf6 21. Qxf6 Nxf3+ 22. Bxf3 Bxf3 23. Qxf3 Rxa2 24. Rc4 f5 25. Qe3 Re8 26. Rc6 Qa7 27. Qf3 d5 28. Rdc1 Ra1 29. Kg2 Rxc1 30. Rxc1 Qd7 31. Qf4 Qe7 32.
Rc7 Qf6 33. Qd6 Rf8 34. Qd7 Rf7 35. Qc8+ Kg7 36. Rc6 f4 37. Rxe6 Qf5 0-1

[Event "Early-Titled-Tuesday-Blitz-March-12-2024"]
[Site "Chess.com"]
[Date "2024.03.12"]
[Round "5"]
[White "Yeritsyaan"]
[Black "Mr_ruthless"]
[Result "1-0"]
[WhiteElo "2650"]
[BlackElo "2473"]
[TimeControl "180+1"]
[EndTime "8:55:40 PDT"]
[Termination "Yeritsyaan won on time"]

1. Nf3 Nf6 2. d4 g6 3. c4 c5 4. d5 e6 5. Nc3 exd5 6. cxd5 d6 7.
e4 Bg7 8. Bd3 O-O 9. O-O Bg4 10.
Bf4 a6 11. a4 b6 12. h3 Bxf3 13. Qxf3 Qe7 14. Qg3 Rd8 15. Qh4 Nbd7 16. Bg5 Re8 17. f4 Qf8 18. Qf2 Nxe4 19. Qc2 Nxc3 20. bxc3 Bf6 21.
Bxf6 Nxf6 22. f5 g5 23. c4 Qg7 24. Rae1 Rxe1 25. Rxe1 Re8 26. Qf2 g4 27. h4 g3 28.
Rxe8+ Nxe8 29. Qe3 Qe5 30. Qxe5 dxe5 31. Kf1 Nd6 32.
Ke2 e4 33. Bc2 Kg7 34. Ke3 Kf6 35. Kf4 Nxf5 36. Bxe4 Nxh4 37. Kxg3 Ng6 38. Bd3 Ke5 39. Kg4 Nf4 40. Bf1 1-0

[Event "Early-Titled-Tuesday-Blitz-March-12-2024"]
[Site "Chess.com"]
[Date "2024.03.12"]
[Round "5"]
[White "Mysterio47"]
[Black "Triumphmate"]
[Result "1-0"]
[WhiteElo "2754"]
[BlackElo "2524"]
[TimeControl "180+1"]
[EndTime "8:55:43 PDT"]
[Termination "Mysterio47 won on time"]

1. d4 d5 2. Nc3 f5 3. Bf4 e6 4. e3 Nf6 5. Nf3 Bd6 6. Bd3 O-O 7. O-O b6 8. Ne2 Bb7 9. a4 c5 10. c3 Nc6 11. h3 Qe7 12. Bxd6 Qxd6 13. Nf4 Ne4 14.
Bb5 Rae8 15. Ne5 Nxe5 16. dxe5 Qxe5 17. Bxe8 Rxe8 18. Nd3 Qf6 19. f4 Ba6 20. Re1 Bxd3 21. Qxd3 h6 22. a5 Kh7 23. axb6 axb6 24. Ra7 Qh4 25.
Rf1 Rf8 26. c4 dxc4 27. Qxc4 Rf6 28. Qc1 Rg6 29. Rf3 Ng3 30. Qe1 e5 31. fxe5 Qg5 32.
Ra2 Ne4 33. b3 Re6 34. Qa1 Qe7 35. Ra7 Qg5 36. Rf4 Ng3 37. Qb2 Nh5 38. Rf3 b5 39. Rc7 Ng3 40. Rxc5 Ne4 41. Rc7 b4 42. Qd4 Rg6 43. Rc2 Ra6 44. Rf1 1-0

[Event "Early-Titled-Tuesday-Blitz-March-12-2024"]
[Site "Chess.com"]
[Date "2024.03.12"]
[Round "5"]
[White "bascheyaro"]
[Black "Sychev_on_YouTube"]
[Result "1/2-1/2"]
[WhiteElo "2787"]
[BlackElo "2916"]
[TimeControl "180+1"]
[EndTime "8:55:44 PDT"]
[Termination "Game drawn by repetition"]

1. d4 Nf6 2. c4 e6 3. Nf3 d5 4.
Nc3 Bb4 5. Bg5 h6 6. Bh4 dxc4 7. e3 b5 8. a4 c6 9. Bxf6 Qxf6 10.
g3 Bb7 11. Bg2 Nd7 12. O-O a6 13. Qc2 O-O 14. axb5 axb5 15. b3 Rxa1 16. Rxa1 c5 17. Ne5 Bxg2 18. Nxd7 Qf3 19. Ne5 Qb7 20. bxc4 Bxc3 21.
Qxc3 Bh3 22. f3 f6 23. Nd3 Qxf3 24. Nf4 Bf5 25. cxb5 cxd4 26. Qxd4 Be4 27. Qd7 Qxe3+ 28. Kf1 Qf3+ 29. Ke1 Qh1+ 30. Kf2 Qxa1 31. Qxe6+ Kh8 32.
Qxe4 Qb2+ 33. Kf3 Qb3+ 34. Kg2 f5 35. Ng6+ Kg8 36. Qc6 Rd8 37. b6 Kh7 38. Nf4 Qb2+ 39.
Kh3 Rd2 40. Qg6+ Kh8 41. Qe8+ Kh7 42. Qg6+ Kg8 43. Qe8+ Kh7 44. Qg6+ 1/2-1/2

[Event "Early-Titled-Tuesday-Blitz-March-12-2024"]
[Site "Chess.com"]
[Date "2024.03.12"]
[Round "5"]
[White "Skatchkov_V"]
[Black "venturov"]
[Result "1-0"]
[WhiteElo "2678"]
[BlackElo "2481"]
[TimeControl "180+1"]
[EndTime "8:55:44 PDT"]
[Termination "Skatchkov_V won by resignation"]

1. d4 Nf6 2. c4 d6 3. Nc3 Nbd7 4. e4 e5 5. Nf3 g6 6. Be2 Bg7 7. O-O O-O 8. h3 Re8 9. d5 Nc5 10. Qc2 a5 11. Be3 b6 12. g4 Rf8 13. Nd2 Ne8 14. b3 f5 15. f3 Qh4 16. Kg2 Bh6 17. Bf2 Qg5 18. Rad1 fxg4 19. fxg4 Bd7 20. a3 Ng7 21.
Nf3 Rxf3 22. Bxf3 Nh5 23. Ne2 Rf8 24. h4 Nf4+ 25. Nxf4 Qxf4 26. Bg3 Qe3 27. b4 Ba4 28. Qe2 Bxd1 29. Qxe3 Bxe3 30. Rxd1 axb4 31. axb4 Nb3 32. Rd3 Nd2 33. Rxe3 Nxc4 34. Rc3 Nd2 35. Be1 Nxf3 36.
Rxf3 Rxf3 37. Kxf3 h5 38. gxh5 gxh5 39. Ke3 Kf7 40.
Kd3 Ke8 41. Kc4 Kd7 42. Kb5 Kc8 43. Kc6 Kd8 44. Bd2 Kc8 45. Bg5 Kb8 46. Bd8 Kc8 47. Bxc7 b5 48. Bxd6 Kd8 49. Bxe5 Kc8 50. d6 1-0

[Event "Early-Titled-Tuesday-Blitz-March-12-2024"]
[Site "Chess.com"]
[Date "2024.03.12"]
[Round "5"]
[White "crazyluzhinTh3"]
[Black "sokidze"]
[Result "1-0"]
[WhiteElo "2569"]
[BlackElo "2773"]
[TimeControl "180+1"]
[EndTime "8:55:46 PDT"]
[Termination "crazyluzhinTh3 won on time"]

1. e4 c6 2. d4 d5 3. e5 Bf5 4.
Nf3 e6 5. Be2 c5 6. Be3 Qb6 7.
Nc3 Nc6 8. Na4 Qa5+ 9. c3 c4 10.
b4 Qc7 11. O-O Nge7 12. Nh4 Bg6 13. Nc5 Nf5 14. Nxg6 hxg6 15. g3 Be7 16. Bg4 a5 17.
Bxf5 gxf5 18. a3 b6 19. Na4 O-O 20. Nb2 b5 21. h4 axb4 22. axb4 Rxa1 23. Qxa1 Qb7 24.
Qc1 Ra8 25. h5 Ra2 26. h6 g6 27. Nd1 Kh7 28. Bg5 Bxg5 29. Qxg5 Qe7 30. Qc1 g5 31. Ne3 Kxh6 32. Kg2 Kg7 33. Rh1 Ra8 34. Rh5 Rh8 35. Qh1 Rxh5 36. Qxh5 g4 37. Kg1 f6 38. exf6+ Kxf6 39. Ng2 Qf7 40. Qh6+ Ke7 41. Nf4 Kd7 42. Ng6 Kd6 43.
Nf4 Ne7 44. Qh8 Kd7 45. Qb8 Nc8 46. Qb7+ 1-0

[Event "Early-Titled-Tuesday-Blitz-March-12-2024"]
[Site "Chess.com"]
[Date "2024.03.12"]
[Round "5"]
[White "martinmena"]
[Black "Misterfox120"]
[Result "0-1"]
[WhiteElo "2267"]
[BlackElo "2404"]
[TimeControl "180+1"]
[EndTime "8:55:46 PDT"]
[Termination "Misterfox120 won by checkmate"]

1. c4 c5 2. g3 g6 3. Bg2 Bg7 4. Nc3 Nc6 5. e4 d6 6. Nge2 Nf6 7. d3 O-O 8. O-O a6 9. h3 Rb8 10. Rb1 b5 11. b3 Ne8 12. Be3 Nc7 13. Qd2 Ne6 14. Bh6 Ned4 15. Bxg7 Kxg7 16. Nxd4 Nxd4 17.
f4 b4 18. Ne2 e5 19. Nxd4 cxd4 20. f5 gxf5 21. exf5 f6 22. Qe2 Bb7 23. h4 d5 24. Qh5 dxc4 25. bxc4 Bxg2 26. Kxg2 Qe8 27. Qf3 a5 28. g4 h6 29. Kh3 Rh8 30. Rg1 Qd7 31.
Rg3 Qb7 32. Qe2 Qc6 33. Rbg1 a4 34. g5 hxg5 35. Rxg5+ fxg5 36. Rxg5+ Kf7 37. Qxe5 Qh1+ 38. Kg3 Qg1+ 39. Kf4 Qe3+ 40. Kg4 Qxe5 41. Rg6 Rbg8 42. Rxg8 Rxg8+ 43. Kh3 Qg3# 0-1

[Event "Early-Titled-Tuesday-Blitz-March-12-2024"]
[Site "Chess.com"]
[Date "2024.03.12"]
[Round "5"]
[White "willcab71"]
[Black "LileKoridze"]
[Result "0-1"]
[WhiteElo "2141"]
[BlackElo "2435"]
[TimeControl "180+1"]
[EndTime "8:55:47 PDT"]
[Termination "LileKoridze won on time"]

1. Nf3 Nf6 2. g3 b5 3. Bg2 Bb7 4. O-O e6 5. b3 c5 6. Bb2 d5 7. d3 Be7 8. Nbd2 O-O 9. e4 Nc6 10.
a4 a6 11. Re1 Qc7 12. h3 dxe4 13.
dxe4 Rfd8 14. Qe2 Nd4 15. Nxd4 cxd4 16. Rec1 b4 17. Nc4 Rac8 18. Rd1 e5 19. Bc1 Nd7 20. h4 Nc5 21. a5 d3 22. cxd3 Nxb3 23. Rb1 Nxa5 24.
Ne3 Bc5 25. Nf5 f6 26. Qg4 Kh8 27. h5 Bf8 28. Nh4 Qc2 29. Be3 Qc6 30. Ng6+ Kg8 31. Rbc1 Qd7 32. Qxd7 Rxd7 33. Rxc8 Bxc8 34. Rc1 Bb7 35. Nh4 Rxd3 36. Bh3 Rc3 37. Be6+ Kh8 38. Rd1 Bc8 39. Rd8 Bxe6 40. Rxf8+ Bg8 41. Rb8 b3 42.
Nf5 Rc7 43. Nd6 Rd7 0-1

[Event "Early-Titled-Tuesday-Blitz-March-12-2024"]
[Site "Chess.com"]
[Date "2024.03.12"]
[Round "5"]
[White "Eloist"]
[Black "electrosaw"]
[Result "0-1"]
[WhiteElo "2439"]
[BlackElo "2560"]
[TimeControl "180+1"]
[EndTime "8:55:48 PDT"]
[Termination "electrosaw won on time"]

1. e4 b6 2. d4 Bb7 3. Bd3 Nf6 4. Qe2 e6 5. Nf3 c5 6. c3 d6 7. O-O Be7 8. Re1 a6 9. a4 Nbd7 10. Nbd2 Qc7 11. Nf1 e5 12. d5 g6 13. Ng3 Bf8 14.
b4 Bg7 15. Bd2 O-O 16. Rab1 Rfc8 17. h3 c4 18. Bc2 b5 19. a5 Rf8 20. Nh2 Bc8 21. Ng4 h5 22. Nh2 h4 23. Ngf1 Nh5 24.
Qf3 Qd8 25. Ng4 Nf4 26. Kh2 f5 27. exf5 gxf5 28. Nge3 e4 29. Qd1 Nd3 30. Bxd3 cxd3 31. Qh5 Qf6 32. f3 Ne5 33. fxe4 fxe4 34. Ng4 Bxg4 35.
hxg4 Nc4 36. Bg5 Qe5+ 37. Kh1 Rae8 38. Ne3 Nxe3 39. Bxe3 Qxh5 40. gxh5 Bxc3 41. Rec1 Be5 42. Rc6 Bf4 43. Bxf4 Rxf4 44. Rxd6 d2 45. Rg6+ Kh7 46. d6 e3 47. d7 Rd8 48. Re6 Rxb4 49. Rg1 Rc4 50.
Rxe3 Rc1 51. Rd3 Rc7 0-1

[Event "Early-Titled-Tuesday-Blitz-March-12-2024"]
[Site "Chess.com"]
[Date "2024.03.12"]
[Round "5"]
[White "nekotyanof"]
[Black "Rainbow2014"]
[Result "1-0"]
[WhiteElo "2650"]
[BlackElo "2468"]
[TimeControl "180+1"]
[EndTime "8:55:50 PDT"]
[Termination "nekotyanof won on time"]

1. e4 c5 2. Nf3 d6 3. Bb5+ Nd7 4. O-O Nf6 5. Re1 e5 6. c3 Be7 7. d4 cxd4 8. cxd4 exd4 9. Qxd4 O-O 10. Nc3 a6 11.
Bf1 Nc5 12. Bg5 Bg4 13. e5 dxe5 14. Qxe5 Bxf3 15. Qxe7 Qxe7 16. Rxe7 Bc6 17. Rae1 Rfe8 18. Bxf6 gxf6 19. Nd5 Kg7 20. Nc7 Rxe7 21. Rxe7 Rd8 22. b4 Rd7 23. Ne8+ Kf8 24. Rxd7 Nxd7 25. Nd6 Nb6 26. a3 Ke7 27. Nf5+ Ke6 28. g4 Kd5 29. Bg2+ Kc4 30. Nd6+ Kb3 31. Nxb7 Bb5 32. Nc5+ Kxa3 33. Bb7 Kxb4 34. Nxa6+ Bxa6 35. Bxa6 Kc5 36. Kg2 Kd6 37.
Kf3 Ke7 38. h4 Nd7 39. Kf4 Ne5 40. h5 h6 41. Kf5 Nc6 42. Bc4 Nd4+ 43. Ke4 Nc6 44.
f4 Kf8 45. Bd5 Ne7 46. Bb7 Kg7 47. Kd4 Ng6 48. hxg6 fxg6 49. Be4 Kf7 50. Kd5 Ke7 51. Bxg6 h5 52. gxh5 1-0

[Event "Early-Titled-Tuesday-Blitz-March-12-2024"]
[Site "Chess.com"]
[Date "2024.03.12"]
[Round "5"]
[White "suyu28"]
[Black "HajiyevKanan"]
[Result "1-0"]
[WhiteElo "2883"]
[BlackElo "2572"]
[TimeControl "180+1"]
[EndTime "8:55:51 PDT"]
[Termination "suyu28 won by checkmate"]

1. d4 d5 2. c4 c6 3. Nf3 a6 4. e3 Nf6 5. Nc3 Bf5 6. Qb3 b5 7.
cxd5 cxd5 8. a4 b4 9. Qxb4 Nc6 10. Qc5 Qd7 11. Ne5 Nxe5 12. dxe5 e6 13. Qb6 Ne4 14. Nxe4 Bxe4 15. Bxa6 Rxa6 16. Qxa6 Bb4+ 17. Bd2 Bxd2+ 18. Kxd2 O-O 19. f3 Bg6 20. Rhc1 d4 21. e4 d3 22. Ra3 Rb8 23. Rxd3 Qe8 24. Rdc3 Rd8+ 25. Ke1 h5 26. Rc8 Kh7 27. Rxd8 Qxd8 28. Qd6 Qa5+ 29.
Qd2 Qxe5 30. h3 f5 31. Qe2 fxe4 32. fxe4 Qa5+ 33. Rc3 Qxa4 34. Kf2 Qa1 35. Kg3 Qg1 36. Re3 e5 37. Rf3 Qh1 38. Rf1 h4+ 39. Kf2 Qh2 40. Qf3 Kh6 41. Ke3 Bh5 42. Qf2 g6 43. b4 Kh7 44.
Qf7+ Kh6 45. Qf8+ Kg5 46. Qe7+ Kh6 47. Qf8+ Kg5 48. Qf2 Kh6 49. b5 g5 50. b6 Be8 51.
Qf6+ Kh5 52. Qf3+ Kh6 53. b7 Bb5 54. Qf6+ Kh5 55. Qf7+ Kh6 56. Rf6# 1-0

[Event "Early-Titled-Tuesday-Blitz-March-12-2024"]
[Site "Chess.com"]
[Date "2024.03.12"]
[Round "5"]
[White "Casper"]
[Black "Jimonios"]
[Result "0-1"]
[WhiteElo "2493"]
[BlackElo "2680"]
[TimeControl "180+1"]
[EndTime "8:55:51 PDT"]
[Termination "Jimonios won by resignation"]

1. Nf3 c5 2. b3 Nc6 3. Bb2 d6 4. e3 e5 5. d4 cxd4 6. exd4 e4 7.
Nfd2 d5 8. c4 Nf6 9. Be2 Bd6 10.
cxd5 Nb4 11. O-O O-O 12. Nc3 Bf5 13. Nc4 Bb8 14. Ba3 a5 15. Qd2 Re8 16. Rac1 Nfxd5 17. Nxd5 Nxd5 18. Ne3 Qg5 19. Bb5 Rd8 20. Qe2 Nf4 21.
Qc4 Nxg2 22. Nxf5 Ne3+ 23. Ng3 Nxc4 24. Rxc4 e3 25. Rc5 exf2+ 26. Rxf2 Qe3 27. Nf5 Qh3 28. Ne7+ Kh8 29. Rg5 Bd6 30. Bxd6 Rxd6 31. Rg3 Qe6 32. Nf5 Rb6 33. Bc4 Qf6 34. Nxg7 Qxd4 35. Nf5 Qf6 36. Ne3 Qa1+ 37. Kg2 Rg6 38. Bxf7 Rxg3+ 39. hxg3 Qe5 40. Nc4 Qe4+ 41. Kg1 Rf8 42. Rf4 Qe1+ 43. Rf1 Qxg3+ 44. Kh1 Qh3+ 45. Kg1 Qg4+ 46. Kh1 Rxf7 47.
Ne5 Rxf1+ 0-1

[Event "Early-Titled-Tuesday-Blitz-March-12-2024"]
[Site "Chess.com"]
[Date "2024.03.12"]
[Round "5"]
[White "Winner_7777"]
[Black "kpio91"]
[Result "1-0"]
[WhiteElo "2581"]
[BlackElo "2844"]
[TimeControl "180+1"]
[EndTime "8:55:52 PDT"]
[Termination "Winner_7777 won by resignation"]

1. d4 c6 2. c4 d5 3. Nc3 Nf6 4.
Nf3 g6 5. cxd5 cxd5 6. Bf4 Nc6 7. e3 Nh5 8. Bg5 Bg7 9. Be2 h6 10. Bh4 g5 11. Bg3 Nxg3 12. hxg3 e6 13. Qd2 Bd7 14. O-O-O Rb8 15. Kb1 Na5 16. Ne5 Nc6 17. e4 dxe4 18.
Nxe4 O-O 19. Ng4 e5 20. Nxh6+ Bxh6 21. Rxh6 Bf5 22. Bd3 Kg7 23. Rdh1 Qe7 24. Nxg5 Rh8 25. Rxh8 Rxh8 26. Rxh8 Kxh8 27. Bxf5 Nxd4 28. Bd3 f6 29. Ne4 Kg7 30. f4 f5 31. Ng5 Qd6 32. Bc4 Kf6 33.
fxe5+ Qxe5 34. Nf3 Qe4+ 35. Bd3 Nxf3 36. gxf3 Qxf3 37.
Qc3+ Kg6 38. a3 Kg5 39. Bc2 Qf1+ 40. Ka2 Qf2 41. Bb3 Kg4 42. Bd5 Qxg3 43. Qxg3+ Kxg3 44. Bxb7 f4 45. b4 1-0

[Event "Early-Titled-Tuesday-Blitz-March-12-2024"]
[Site "Chess.com"]
[Date "2024.03.12"]
[Round "5"]
[White "RobertoJBM"]
[Black "Valio_M1948"]
[Result "1-0"]
[WhiteElo "2819"]
[BlackElo "2404"]
[TimeControl "180+1"]
[EndTime "8:55:52 PDT"]
[Termination "RobertoJBM won by resignation"]

1. e4 e5 2. Nf3 d5 3. exd5 e4 4. Qe2 Nf6 5. d3 Qxd5 6. Nfd2 Nc6 7. Nxe4 Be6 8. Nbc3 Qa5 9. Bd2 Nb4 10. Qd1 O-O-O 11.
Be2 h6 12. O-O Be7 13. a3 Nc6 14. b4 Qe5 15. Re1 Nd4 16. Nxf6 Qxf6 17. Bg4 Kb8 18. Ne4 Qg6 19. Bxe6 fxe6 20. c3 Nc6 21.
d4 e5 22. b5 Na5 23. dxe5 Rd5 24. f4 Rxb5 25. Rb1 Rd5 26. Qf3 Rhd8 27. Be3 b6 28. f5 Qe8 29. Bf4 Nc4 30. f6 Bxa3 31. Nd6 Qe6 32. Nxc4 Rd3 33. Ne3 gxf6 34. exf6 Rxc3 35. Bxh6 Bc5 36. Kh1 Rh8 37. Bg7 Rh7 38. Qf5 Rxh2+ 39. Kxh2 Qd6+ 40. Kh1 Bxe3 41. Rbd1 Qg3 42.
Qh3 Qg6 43. Rxe3 Rxe3 44. Qxe3 Qh5+ 45. Kg1 Qxd1+ 46. Kf2 Qc2+ 47. Kg3 Qg6+ 48. Kf4 Qxg2 49. Qe8+ Kb7 50. Qe4+ Qxe4+ 51. Kxe4 1-0

[Event "Early-Titled-Tuesday-Blitz-March-12-2024"]
[Site "Chess.com"]
[Date "2024.03.12"]
[Round "5"]
[White "PepeCuenca"]
[Black "josephymwale33"]
[Result "1-0"]
[WhiteElo "2698"]
[BlackElo "2509"]
[TimeControl "180+1"]
[EndTime "8:55:53 PDT"]
[Termination "PepeCuenca won by resignation"]

1. d4 d5 2. Bf4 e6 3. e3 Nf6 4. Nf3 c5 5. Nbd2 Nc6 6. c3 Be7 7. Bd3 O-O 8. Ne5 cxd4 9. exd4 Nxe5 10.
dxe5 Nd7 11. Nf3 f5 12. h4 Nc5 13. Be2 Ne4 14. Rb1 Bc5 15. Nd4 Be7 16. g3 Bd7 17. f3 Nc5 18. Qd2 Rb8 19. Bg5 b5 20. Bxe7 Qxe7 21. f4 b4 22. c4 Ne4 23. Qe3 dxc4 24.
Bxc4 Rfc8 25. b3 Nc3 26. Rb2 a5 27. O-O Ne4 28. Kh2 Kh8 29. Nf3 Bb5 30. Bxb5 Rxb5 31. Ng5 Rc3 32. Qe2 Nxg5 33. Qxb5 Nf7 34. Qe2 h6 35.
Rc2 Qc5 36. Rxc3 bxc3 37. Rc1 Qd4 38. Qc2 g5 39. hxg5 hxg5 40. Rd1 Qe3 41. Rd3 Qe1 42.
Rxc3 gxf4 43. gxf4 Qh4+ 44. Rh3 1-0

[Event "Early-Titled-Tuesday-Blitz-March-12-2024"]
[Site "Chess.com"]
[Date "2024.03.12"]
[Round "5"]
[White "Hovik_Hayrapetyan"]
[Black "SaiAgni_98"]
[Result "1-0"]
[WhiteElo "2834"]
[BlackElo "2559"]
[TimeControl "180+1"]
[EndTime "8:55:54 PDT"]
[Termination "Hovik_Hayrapetyan won on time"]

1. d4 Nf6 2. c4 d6 3. Nf3 Nbd7 4.
Nc3 e5 5. g3 Be7 6. Bg2 O-O 7.
O-O c6 8. e4 a6 9. h3 b5 10. c5 Qc7 11. cxd6 Bxd6 12. dxe5 Nxe5 13. Nxe5 Bxe5 14. f4 Rd8 15. Qe2 Bd4+ 16. Be3 Bb7 17.
e5 Ne8 18. Rad1 c5 19. Ne4 h6 20. Kh2 Rac8 21. Qf2 Qb6 22. b4 Bxe3 23. Qxe3 Bxe4 24. Bxe4 Qe6 25. bxc5 Qxa2+ 26. Rf2 Qe6 27. Rfd2 Rxd2+ 28. Rxd2 Qc4 29. c6 b4 30. Bd5 Qc3 31. Qxc3 bxc3 32. Rc2 Nc7 33. Be4 Nb5 34. Kg2 Kf8 35. Kf2 Ke7 36.
Ke3 Rc7 37. f5 f6 38. e6 Kd6 39. Rc1 Ke5 40. Rd1 1-0

[Event "Early-Titled-Tuesday-Blitz-March-12-2024"]
[Site "Chess.com"]
[Date "2024.03.12"]
[Round "5"]
[White "DIMONBANAN"]
[Black "GalaxyRoman"]
[Result "0-1"]
[WhiteElo "2533"]
[BlackElo "2720"]
[TimeControl "180+1"]
[EndTime "8:55:57 PDT"]
[Termination "GalaxyRoman won by checkmate"]

1. e4 e5 2. Nf3 Nc6 3. d4 exd4 4. Nxd4 Nf6 5. Nc3 Bb4 6. Nxc6 bxc6 7. Bd3 O-O 8. O-O d5 9. exd5 cxd5 10. Bg5 c6 11.
Qf3 h6 12. Bxf6 Qxf6 13. Qxf6 gxf6 14. Ne2 Rb8 15. Rad1 a5 16. b3 a4 17. Nd4 Bd7 18. Nf5 Bxf5 19. Bxf5 a3 20. Rd4 Rfe8 21. Rg4+ Kf8 22.
Rh4 Kg7 23. Rg4+ Kf8 24. Rh4 Re5 25. Rxh6 Kg7 26. Rh7+ Kg8 27. Bd3 c5 28. f4 Re3 29.
Rh5 d4 30. Rf3 Rbe8 31. Rxe3 Rxe3 32. Kf2 Re1 33. Rxc5 Ra1 34. Rb5 Bc3 35. Rb8+ Kg7 36. b4 Rxa2 37. b5 Ra1 38. Bc4 Rc1 39. b6 Rxc2+ 40.
Kf3 a2 41. Bxa2 Rxa2 42. g4 Rb2 43. Ke4 Rxh2 44. Rc8 Rb2 45. Rc6 Ba5 46. Kxd4 Rxb6 47. Rc8 Rb4+ 48. Ke3 Bb6+ 49. Kf3 Rb3+ 50. Ke4 Rb4+ 51.
Kf5 Be3 52. g5 Rxf4# 0-1

[Event "Early-Titled-Tuesday-Blitz-March-12-2024"]
[Site "Chess.com"]
[Date "2024.03.12"]
[Round "5"]
[White "MatthewG-p4p"]
[Black "GothamChess"]
[Result "1-0"]
[WhiteElo "2878"]
[BlackElo "2677"]
[TimeControl "180+1"]
[EndTime "8:55:58 PDT"]
[Termination "MatthewG-p4p won by checkmate"]

1. f4 b6 2. e4 Bb7 3. d3 d5 4.
Qe2 dxe4 5. dxe4 Nf6 6. Nc3 Ba6 7. Qf3 Bxf1 8. Qxf1 e6 9. Nf3 Bc5 10. Qb5+ Qd7 11. Qxd7+ Nbxd7 12. Ke2 O-O-O 13. e5 Nd5 14. Ne4 h6 15. a3 f5 16. exf6 N5xf6 17. Nxc5 Nxc5 18.
Be3 Nce4 19. Nd4 Rhe8 20. Nc6 Rd5 21. c4 Rd7 22. Nxa7+ Kb7 23. Nb5 e5 24. f5 Ng4 25.
Rad1 Rf7 26. Kf3 Nxe3 27. Kxe3 Nc5 28. g4 h5 29. h3 Na4 30. b3 Nc5 31. b4 Na4 32. Rd2 Rh8 33. Rdh2 Rh6 34. Ke4 Rc6 35. Rc1 g6 36. Kxe5 gxf5 37. gxf5 Rcf6 38. Rf2 Rc6 39. Nd4 Re7+ 40. Ne6 Rd6 41. c5 Rd3 42. c6+ Ka6 43. Ke4 Rd6 44. Rf3 Rexe6+ 45. fxe6 Rxe6+ 46. Kd5 Rd6+ 47. Ke5 Kb5 48. Rf7 Nb2 49. Rxc7 Rd8 50. Ke6 Nd3 51.
Rf1 Re8+ 52. Kd7 Re3 53. Rf5+ Ka6 54. Rc8 Ne5+ 55. Kc7 Nc4 56. Ra8# 1-0

[Event "Early-Titled-Tuesday-Blitz-March-12-2024"]
[Site "Chess.com"]
[Date "2024.03.12"]
[Round "5"]
[White "Grandelicious"]
[Black "luckyswitchback"]
[Result "1-0"]
[WhiteElo "2878"]
[BlackElo "2681"]
[TimeControl "180+1"]
[EndTime "8:56:00 PDT"]
[Termination "Grandelicious won by checkmate"]

1. Nf3 d5 2. e3 Nf6 3. c4 e6 4.
b3 c5 5. cxd5 exd5 6. Be2 Nc6 7.
O-O d4 8. Bb5 Be7 9. exd4 cxd4 10. Bb2 O-O 11. Bxc6 bxc6 12. Nxd4 Qd5 13. Qf3 Qxf3 14.
Nxf3 Ba6 15. Re1 Nd5 16. Nc3 Bf6 17. Na4 Bxb2 18. Nxb2 Nb4 19. Rec1 Bb7 20. a3 Nd5 21. Nd3 Rad8 22. Nc5 Bc8 23. Rc4 Rfe8 24. h3 Nb6 25. Rd4 Rd5 26. Rxd5 cxd5 27. Re1 Kf8 28. Rxe8+ Kxe8 29.
Kf1 Bf5 30. Nd4 Bd7 31. Ke2 Ke7 32. Kd3 Be8 33. Nf5+ Kf6 34. Ne3 Bc6 35. Kd4 g6 36. a4 a5 37. Nd3 Nd7 38. Nf4 Ke7 39. Nfxd5+ Kd6 40. Nc4+ Ke6 41. Nde3 h5 42. Nxa5 Ba8 43. b4 Nb6 44. Nb3 Nxa4 45. Nc5+ Nxc5 46. Kxc5 f5 47. f4 Kf6 48. h4 g5 49. hxg5+ Kg6 50. g3 h4 51.
gxh4 Bb7 52. d4 Bc8 53. b5 Bd7 54. b6 Be8 55. b7 Bf7 56. b8=Q Kg7 57. Qd6 Kh7 58.
Qf6 Kg8 59. Nxf5 Kf8 60. Qd8+ Be8 61. Qe7+ Kg8 62. Qg7# 1-0

[Event "Early-Titled-Tuesday-Blitz-March-12-2024"]
[Site "Chess.com"]
[Date "2024.03.12"]
[Round "5"]
[White "Bilan_Danila"]
[Black "AlexandraSamaganova"]
[Result "1-0"]
[WhiteElo "2566"]
[BlackElo "2376"]
[TimeControl "180+1"]
[EndTime "8:56:00 PDT"]
[Termination "Bilan_Danila won on time"]

1. d4 Nf6 2. Nf3 e6 3. g3 b6 4. Bg2 Bb7 5. O-O Be7 6. c4 O-O 7. d5 d6 8. Nc3 e5 9. e4 Nbd7 10. Ne1 Ne8 11. Nd3 g6 12. Bh6 Ng7 13. f4 f6 14. f5 g5 15. h4 Qe8 16. Bf3 Qf7 17.
Kf2 Rfc8 18. b4 c6 19. Rc1 cxd5 20. Nxd5 Bxd5 21. cxd5 b5 22. Qd2 g4 23. Bxg4 Nb6 24. Nb2 Bd8 25. Be2 a6 26. Qe3 Qb7 27. Qf3 Nc4 28.
Nxc4 bxc4 29. Rxc4 Rxc4 30. Bxc4 Qxb4 31. Qb3 Qc5+ 32.
Be3 Qc7 33. Rb1 Rc8 34. Bd3 Qf7 35. Bxa6 Ra8 36. Be2 Ne8 37. Qb7 Ra3 38. Qxf7+ Kxf7 39. Bh5+ Kf8 40. Rb8 Ke7 41. Bxe8 Rxa2+ 42. Kf3 Kxe8 43. Bb6 Ra3+ 44. Kg4 Ra4 45. Rxd8+ Ke7 46. Kf3 Ra3+ 47.
Kg2 Rb3 48. Rb8 Rb4 49. Bd8+ Ke8 50. Rxb4 Kxd8 51. Rb7 1-0